[Event "12th National Schools-ch 2024"]
[Site "Gyan Bhawan Patna"]
[Date "2024.02.08"]
[Round "5.2"]
[White "Aarit Kapil"]
[Black "Oishik Mondal"]
[Result "0-1"]
[ECO "B86"]
[WhiteElo "1494"]
[BlackElo "1524"]
[Annotator "NA RC"]
[PlyCount "114"]
[EventDate "2024.02.05"]
[EventCountry "IND"]
[SourceTitle "playchess.com"]
[Source "ChessBase"]
[SourceQuality "1"]
[TimeControl "5400+30"]

1. e4 c5 2. Nf3 d6 3. d4 cxd4 4. Nxd4 Nf6 5. Nc3 a6 6. Bc4 e6 7. Bb3 Be7 8. O-O O-O 9. Be3 Nbd7 10. f3 Nc5 11. Bc4 b5 12. Nc6 Qc7 13. Nxe7+ Qxe7 14. Be2 b4 15. Nb1 Bb7 16. Qd2 a5 17. Rd1 Rfd8 18. a3 b3 19. Nc3 Rac8 20. Rac1 d5 21. e5 Ne8 22. Bd4 a4 23. Bxc5 Qxc5+ 24. Qd4 bxc2 25. Rxc2 f6 26. f4 Rc7 27. Bb5 Qxd4+ 28. Rxd4 Bc6 29. Bxa4 Bxa4 30. Rxa4 d4 31. Rd2 dxc3 32. Rc2 fxe5 33. fxe5 Rf7 34. h3 cxb2 35. Rxb2 Nc7 36. Rb6 h6 37. Rc4 Nd5 38. Rxe6 Ne3 39. Rcc6 Rd1+ 40. Kh2 Nf1+ 41. Kg1 Ng3+ 42. Kh2 Nh5 43. Re8+ Kh7 44. h4 Rff1 45. Kh3 Rd3+ 46. Kh2 Rdd1 47. Kh3 Nf4+ 48. Kg4 h5+ 49. Kg5 Rd4 50. Rd6 Re4 51. Kf5 Ra4 52. Rdd8 Ng6+ 53. Kg5 Rg4+ 54. Kxh5 Rg3 55. Rh8+ Nxh8 56. Rxh8+ Kxh8 57. e6 Rf5# 0-1

[Event "12th National Schools-ch 2024"]
[Site "Gyan Bhawan Patna"]
[Date "2024.02.08"]
[Round "5.3"]
[White "Pratitee Bordoloi"]
[Black "Pal Vedika"]
[Result "1/2-1/2"]
[ECO "B33"]
[WhiteElo "1408"]
[BlackElo "1539"]
[Annotator "NA RC"]
[PlyCount "125"]
[EventDate "2024.02.05"]
[EventCountry "IND"]
[SourceTitle "playchess.com"]
[Source "ChessBase"]
[SourceQuality "1"]
[TimeControl "5400+30"]

1. e4 c5 2. Nf3 Nc6 3. d4 cxd4 4. Nxd4 Nf6 5. Nc3 e5 6. Ndb5 d6 7. Bg5 a6 8. Na3 b5 9. Nd5 Be7 10. Bxf6 Bxf6 11. c4 b4 12. Nc2 a5 13. Be2 O-O 14. Qd3 Bg5 15. O-O Be6 16. Rad1 Qb8 17. b3 h6 18. Qg3 Qd8 19. Bg4 Bxg4 20. Qxg4 a4 21. g3 axb3 22. axb3 Qa5 23. h4 f5 24. exf5 Bf6 25. Ra1 Qd8 26. Rxa8 Qxa8 27. Ra1 Qc8 28. Ra4 Kh8 29. Ncxb4 Nd4 30. Ra7 Nxf5 31. Nxf6 Rxf6 32. Nd5 Rf8 33. Nc7 Nd4 34. Qxc8 Rxc8 35. Ra8 Rxa8 36. Nxa8 Nxb3 37. Nb6 Nd2 38. Kg2 Kg8 39. f3 Kf7 40. Kf2 Ke6 41. Ke2 Nb3 42. Ke3 Nc5 43. Nd5 Na4 44. Ke4 g6 45. g4 Nc5+ 46. Ke3 Nb7 47. Ke4 Nd8 48. f4 Nc6 49. f5+ gxf5+ 50. gxf5+ Kf7 51. Ne3 Ne7 52. c5 dxc5 53. Kxe5 h5 54. Kd6 Kf6 55. Kxc5 Ke5 56. Kc4 Ng8 57. Kd3 Nf6 58. Ke2 Ke4 59. Kf2 Kf4 60. Ng2+ Kg4 61. Ke3 Kg3 62. Nf4 Kxh4 63. Nxh5 1/2-1/2

[Event "12th National Schools-ch 2024"]
[Site "Gyan Bhawan Patna"]
[Date "2024.02.08"]
[Round "5.4"]
[White "Andalamala Hemal Varshan"]
[Black "Mishra Manish"]
[Result "*"]
[ECO "B40"]
[WhiteElo "1578"]
[BlackElo "1333"]
[Annotator "NA RC"]
[PlyCount "77"]
[EventDate "2024.02.05"]
[EventCountry "IND"]
[SourceTitle "playchess.com"]
[Source "ChessBase"]
[SourceQuality "1"]
[TimeControl "5400+30"]

1. e4 c5 2. Nf3 e6 3. b3 d5 4. exd5 exd5 5. Bb5+ Bd7 6. Bxd7+ Nxd7 7. O-O Bd6 8. Bb2 Ngf6 9. Re1+ Kf8 10. d4 Qb6 11. Nc3 c4 12. Ne5 cxb3 13. axb3 Qd8 14. Qf3 Nb6 15. Ne2 g6 16. c4 Bb4 17. Red1 Kg7 18. Nf4 Re8 19. c5 Nc8 20. Nfd3 Ba5 21. b4 Bc7 22. Bc1 h6 23. Bxh6+ Kg8 24. Bg5 Kg7 25. Ng4 Re6 26. Re1 Nxg4 27. Bxd8 Bxd8 28. Rxe6 Nxh2 29. Kxh2 fxe6 30. Ne5 Bf6 31. Qg4 g5 32. Qxe6 Bxe5+ 33. dxe5 d4 34. Qf6+ Kg8 35. Kg3 Ne7 36. Qxe7 d3 37. Rh1 d2 38. Qf6 d1=Q 39. Rh8# *

[Event "12th National Schools-ch 2024"]
[Site "Gyan Bhawan Patna"]
[Date "2024.02.08"]
[Round "5.5"]
[White "Shanmathi Sree S"]
[Black "Nivedita V C"]
[Result "1/2-1/2"]
[ECO "C54"]
[WhiteElo "1527"]
[BlackElo "1609"]
[Annotator "NA"]
[PlyCount "102"]
[EventDate "2024.02.05"]
[EventCountry "IND"]
[SourceTitle "playchess.com"]
[Source "ChessBase"]
[SourceQuality "1"]
[TimeControl "5400+30"]

1. e4 e5 2. Nf3 Nc6 3. Bc4 Bc5 4. c3 Qe7 5. b4 Bb6 6. O-O Nf6 7. d3 d6 8. a4 a5 9. b5 Nb8 10. Nbd2 Be6 11. Re1 Nbd7 12. d4 Bxc4 13. Nxc4 Qe6 14. Qd3 O-O 15. Nh4 exd4 16. Nxb6 Nxb6 17. cxd4 Rfe8 18. f3 Qc4 19. Qxc4 Nxc4 20. Bg5 Nd7 21. Rec1 Ndb6 22. Nf5 f6 23. Bf4 g6 24. Nh6+ Kg7 25. Ng4 Re7 26. Ne3 Nb2 27. Bg3 N2xa4 28. Be1 f5 29. Nc4 Nxc4 30. Rxa4 Nb6 31. Rxa5 fxe4 32. fxe4 Rxe4 33. Rxc7+ Kf6 34. Bd2 Rc8 35. Rxb7 Nc4 36. Ra2 Nxd2 37. Rxd2 Rc1+ 38. Kf2 Rc4 39. Rxh7 Rexd4 40. Rxd4 Rxd4 41. b6 Rb4 42. b7 d5 43. Ke3 Ke5 44. Re7+ Kd6 45. Rg7 Ke5 46. Kd3 Rb3+ 47. Kc2 Rb6 48. Kc3 Ke4 49. Re7+ Kf5 50. Kd4 Kf6 51. Rc7 Rxb7 1/2-1/2

[Event "12th National Schools-ch 2024"]
[Site "Gyan Bhawan Patna"]
[Date "2024.02.08"]
[Round "5.6"]
[White "Vandan Alankar Sawai"]
[Black "Nimay Agrawal"]
[Result "1-0"]
[ECO "B01"]
[WhiteElo "1721"]
[BlackElo "2067"]
[Annotator "TA"]
[PlyCount "79"]
[EventDate "2024.02.05"]
[EventCountry "IND"]
[SourceTitle "playchess.com"]
[Source "ChessBase"]
[SourceQuality "1"]
[TimeControl "5400+30"]

1. e4 d5 2. exd5 Qxd5 3. Nc3 Qd6 4. d4 Nf6 5. Bc4 c6 6. Nge2 Bf5 7. O-O e6 8. Bf4 {[%emt 0:01:03] The position is equal.} Qb4 9. Bb3 Be7 10. Bc7 Bf8 11. Ng3 Bg6 12. f4 {[%emt 0:00:28] [#] Threatens to win with f5.} Na6 13. Be5 O-O-O 14. f5 exf5 15. Nxf5 Bxf5 16. Rxf5 Bd6 17. Qf3 (17. Bxf7 Bxe5 18. Rxe5 Rxd4 $11) (17. Bxf6 $142 gxf6 18. Ne4 (18. Bxf7 Be5 $11)) 17... Rhe8 (17... Bxe5 $142 18. dxe5 Nd7) 18. Kh1 {[%emt 0:10:32] White is more active.} (18. Bxf7 Bxe5 19. dxe5 Qd4+ (19... Qc5+ 20. Kh1 $16) 20. Qf2 Qxf2+ 21. Kxf2 Re7 (21... Ng4+ 22. Kg1 $15) 22. exf6 Rxf7 $14) 18... Re7 (18... Bxe5 $16 {was called for.} 19. dxe5 Nd7) 19. Rf1 (19. Bxf6 $18 {has better winning chances.} gxf6 20. Rd1 (20. Rxf6 Qxd4 21. g3 Nc5 $16)) 19... Bxe5 $16 20. dxe5 Nd7 21. Qh3 (21. Bxf7 Nxe5 22. Qg3 Qg4 $11) 21... Kb8 $2 {[%emt 0:03:25] [#] Loses the game.} (21... Qd4 $16) 22. Qg3 $1 $18 (22. Bxf7 Nxe5 23. Qg3 Qg4 $11) (22. Qxh7 f6 $16) 22... Nc7 23. a3 (23. Qxg7 $6 f6 24. Qg3 Nxe5 $18) (23. Bxf7 g6 24. R5f4 Qxb2 $16) (23. Rxf7 $6 Nxe5 24. Rxg7 Ng6 25. Rxe7 Qxe7 $18) 23... Qc5 (23... Qb6 24. Rxf7 (24. Bxf7 Qxb2 25. Qh4 Qxa3 $18) 24... Rxf7 25. Bxf7 (25. Rxf7 Qc5 $18) 25... Qxb2) 24. e6 $1 ({Stronger than} 24. Bxf7 Rxe5 25. R5f3 Rg5 $11) (24. Rxf7 Rxf7 25. Rxf7 Nxe5 $11) (24. Qxg7 Nxe5 25. Qxh7 Nb5 26. Nxb5 (26. Bxf7 $2 {perishes.} Nd6 $19) 26... cxb5 $18) 24... Qb6 25. exd7 (25. Qd6 $142) 25... f6 26. Na4 Qd4 (26... Qe3 27. Qxe3 Rxe3) 27. Nc5 g6 28. Qf2 (28. c3 $142 Qd2 29. Rxf6) 28... Qxf2 29. R5xf2 b6 30. Nd3 Rexd7 31. Rxf6 {[%emt 0:00:06][%cal Od3e5] Strongly threatening Ne5!} Kb7 32. h3 c5 33. Ne5 Rd2 34. Rf7 Re2 35. Re7 {[%emt 0:02:30][%cal Of1f7] Rff7! would now be deadly.} Kc8 36. Rff7 Nd5 37. Bxd5 Rxd5 38. Rf8+ (38. Rxa7 $142 Re1+ 39. Kh2 Rh1+ 40. Kxh1 Rd1+ 41. Kh2 Rh1+ 42. Kxh1 Kb8 43. Nc6+ Kc8 44. Rf8#) 38... Rd8 39. Rxd8+ Kxd8 40. Nc6+ {[%emt 0:00:05] Weighted Error Value: White=0.64/Black=0.59.  Loses game:     	---       	Black=1      Mistake:       	White=3     	Black=4      Inaccurate:     	White=1     	Black=6      OK:         	White=10    	Black=4      Best:        	White=1     	Black=4      Strong:       	White=2     	---} 1-0

[Event "12th National Schools-ch 2024"]
[Site "Gyan Bhawan Patna"]
[Date "2024.02.08"]
[Round "5.7"]
[White "Aadya Gupta"]
[Black "Singh Myra"]
[Result "1/2-1/2"]
[ECO "D37"]
[WhiteElo "1544"]
[BlackElo "1511"]
[Annotator "NA RC"]
[PlyCount "80"]
[EventDate "2024.02.05"]
[EventCountry "IND"]
[SourceTitle "playchess.com"]
[Source "ChessBase"]
[SourceQuality "1"]
[TimeControl "5400+30"]

1. d4 d5 2. c4 e6 3. Nf3 Nf6 4. Nc3 Be7 5. Bf4 b6 6. a3 O-O 7. e3 Bb7 8. Bd3 dxc4 9. Bxc4 Nbd7 10. Qe2 Nd5 11. Bg3 N7f6 12. Bd3 Nxc3 13. bxc3 Bd6 14. e4 Be7 15. O-O c5 16. a4 Qc8 17. Bh4 Re8 18. Ne5 Qc7 19. f4 Rad8 20. Rac1 c4 21. Bb1 Rc8 22. Rf3 Nd7 23. Bxe7 Nxe5 24. fxe5 Qxe7 25. Rcf1 Rf8 26. Rh3 g6 27. Rhf3 Bc6 28. Qe3 Kg7 29. Rh3 Rh8 30. Qh6+ Kg8 31. Bc2 a6 32. Rhf3 Be8 33. h4 Qf8 34. Qf4 h5 35. Kh2 Qe7 36. d5 Rh7 37. Rd1 Bd7 38. Rb1 b5 39. axb5 axb5 40. Ra1 exd5 1/2-1/2

[Event "12th National Schools-ch 2024"]
[Site "Gyan Bhawan Patna"]
[Date "2024.02.08"]
[Round "5.8"]
[White "Arnav Agrawal"]
[Black "Sai Krishna Rohit M V"]
[Result "1-0"]
[ECO "E32"]
[WhiteElo "1610"]
[BlackElo "1469"]
[Annotator "NA RC"]
[PlyCount "75"]
[EventDate "2024.02.05"]
[EventCountry "IND"]
[SourceTitle "playchess.com"]
[Source "ChessBase"]
[SourceQuality "1"]
[TimeControl "5400+30"]

1. d4 Nf6 2. c4 e6 3. Nc3 Bb4 4. Qc2 d5 5. cxd5 exd5 6. Nf3 O-O 7. Bg5 h6 8. Bh4 Re8 9. e3 Be6 10. Bd3 c5 11. dxc5 Nbd7 12. a3 Bxc5 13. O-O Rc8 14. Rad1 Kh8 15. h3 a6 16. Rd2 Bd6 17. Nd4 g5 18. Bg3 Nc5 19. Bxd6 Qxd6 20. Rfd1 Rcd8 21. Bf5 Qe5 22. Bxe6 Nxe6 23. Nf3 Qc7 24. Qf5 Qe7 25. Nxd5 Nxd5 26. Rxd5 Rxd5 27. Rxd5 Rd8 28. Qe5+ Kg8 29. e4 Rc8 30. Nd4 Rc1+ 31. Kh2 Rc8 32. Nf5 Qc7 33. Rd6 Re8 34. Qf6 Rd8 35. Ne7+ Kf8 36. Ng6+ Ke8 37. Qh8+ Nf8 38. Qxf8# 1-0

[Event "12th National Schools-ch 2024"]
[Site "Gyan Bhawan Patna"]
[Date "2024.02.08"]
[Round "5.9"]
[White "Sindhusree K"]
[Black "Kashthuri Bhai R"]
[Result "1-0"]
[ECO "E12"]
[WhiteElo "1445"]
[BlackElo "1639"]
[Annotator "NA RC"]
[PlyCount "85"]
[EventDate "2024.02.05"]
[EventCountry "IND"]
[SourceTitle "playchess.com"]
[Source "ChessBase"]
[SourceQuality "1"]
[TimeControl "5400+30"]

1. d4 Nf6 2. c4 e6 3. Nf3 b6 4. a3 Bb7 5. Nc3 c5 6. d5 exd5 7. cxd5 d6 8. e4 Be7 9. Be2 O-O 10. O-O a6 11. a4 Re8 12. Nd2 Nbd7 13. f4 Qc7 14. Nc4 Bf8 15. Bf3 Rab8 16. g4 Kh8 17. g5 Ng8 18. Bh5 g6 19. Bg4 Bg7 20. Qf3 Bc8 21. Bd2 b5 22. axb5 axb5 23. Ne3 c4 24. Bxd7 Bxd7 25. f5 Bd4 26. Rab1 gxf5 27. Ne2 fxe4 28. Qh5 Bg7 29. Rxf7 Re7 30. g6 Nf6 31. Qh4 Rxf7 32. gxf7 Rf8 33. Bc3 Rxf7 34. Rf1 Qd8 35. Nd4 Qg8 36. Ndf5 Bxf5 37. Nxf5 Ne8 38. Nxg7 Rxf1+ 39. Kxf1 Nxg7 40. Qf6 b4 41. Bd4 e3 42. Ke2 b3 43. Bc3 1-0

[Event "12th National Schools-ch 2024"]
[Site "Gyan Bhawan Patna"]
[Date "2024.02.08"]
[Round "5.10"]
[White "Shadhursshaan R"]
[Black "Gadhavi Veerbhadrasinh"]
[Result "1-0"]
[ECO "A87"]
[WhiteElo "2058"]
[BlackElo "1651"]
[Annotator "TA"]
[PlyCount "77"]
[EventDate "2024.02.05"]
[EventCountry "IND"]
[SourceTitle "playchess.com"]
[Source "ChessBase"]
[SourceQuality "1"]
[TimeControl "5400+30"]

1. d4 f5 2. c4 Nf6 3. Nc3 g6 4. g3 Bg7 5. Bg2 O-O 6. Nf3 d6 7. O-O Qe8 8. Re1 e5 9. e4 Nxe4 10. Nxe4 fxe4 11. Rxe4 {[%emt 0:00:00] The position is equal.} (11. Ng5 {seems wilder.} Nc6 12. dxe5 Nxe5 13. c5) 11... Bf5 12. Re1 c6 (12... Nc6 $14) 13. c5 $16 Qd7 (13... dxc5 $16 14. Nxe5 (14. dxe5 Na6 $16) 14... cxd4) 14. cxd6 $18 (14. dxe5 d5 $16) 14... Qxd6 {[%emt 0:00:26] [#]} 15. dxe5 $2 (15. Nxe5 Be6 16. Bf4 Bd5 $18) ({Only move:} 15. Qb3+ $1 $18 Qe6 16. Qxb7 (16. dxe5 Qxb3 17. axb3 Nd7 $16)) 15... Qxd1 $14 16. Rxd1 Bg4 17. Rd3 Bxf3 18. Bxf3 (18. Rxf3 Rxf3 19. Bxf3 Nd7 $14) 18... Bxe5 (18... Na6 $16) 19. Bh6 $18 Bg7 20. Bxg7 Kxg7 21. Re1 Na6 22. Rd7+ (22. Re7+ $18 Kg8 23. Ra3 (23. Rxb7 $2 Nc5 $19)) 22... Kh6 $2 (22... Kg8 $16) 23. Kg2 {[%emt 0:00:00][%cal Oe1e7] aiming for Ree7!} Nc5 24. Rde7 {[%emt 0:00:00] Strongly threatening h4.} Rad8 25. b4 Nd3 26. R1e4 Rf5 (26... b6 {might work better.} 27. h4 (27. Rxa7 Rde8 $18) 27... Rf6 28. Rxa7 g5) 27. Rh4+ (27. Rxb7 Rdf8 28. Be2 Rxf2+ 29. Kh3 Rd8 $14) 27... Kg5 28. Rhxh7 {[%emt 0:00:00] h4+ would kill now.} (28. Rxb7 $2 Ne1+ 29. Kh3 Nxf3 $19 (29... Rxf3 $2 30. Rg4+ Kf6 31. Rxa7 $19)) 28... Rdf8 (28... Rff8 $142 29. Re6 (29. Rxb7 Ne1+ 30. Kf1 Nxf3 $19) 29... Rfe8) 29. h4+ Kf6 30. g4 (30. Rxb7 Ne1+ 31. Kh3 Rxf3 $11 (31... Nxf3 32. Rbd7 $17)) 30... Rf4 31. g5+ (31. Rxb7 $2 Ne1+ (31... Nxb4 $2 32. Kg3 $18) 32. Kh2 Nxf3+ (32... Rxf3 33. Rhe7 $17) 33. Kg3 Ke5 34. Rhe7+ Kd4 $19) (31. Kg3 $142) 31... Kf5 32. Kg3 (32. Rxb7 $2 Ne1+ (32... Nxb4 $2 33. Kg3 $18) 33. Kf1 Nxf3 $19) (32. Be2 $142 Ne5 33. f3 (33. Rxb7 Ke4 $14)) 32... Ne5 33. Bd1 {[%emt 0:00:00] White is more active.} Rc4 {[%emt 0:00:12] [#] Inhibits Bc2+.} 34. f3 $1 $36 {[%emt 0:00:00][%mdl 2048] Threatens to win with Bb3. Black is under strong pressure.} (34. Rxb7 Rc1 35. Rbd7 Nxd7 36. Bg4+ (36. Rxd7 Ke5 $14) 36... Ke5 (36... Ke4 37. f3+ Ke3 38. Re7+ $16) 37. Re7+ Kd5 38. Rxd7+ Kc4 $11) 34... Rc1 (34... Rc3 $142 35. Rxb7 Rc1) 35. Be2 (35. Bb3 $18 Rg1+ 36. Kf2) 35... Rg1+ $16 36. Kf2 Rc1 37. Ke3 ({Better is} 37. Rxb7 $18 Kf4 38. Rxa7) 37... Rc3+ $2 (37... Rd8 $14) 38. Kd4 $18 Rd3+ 39. Bxd3+ {[%emt 0:00:00] Weighted Error Value: White=0.54/Black=0.45.  Loses game:     	---       	Black=1      Missed win:     	White=1     	---        Mistake:       	White=4     	Black=7      Inaccurate:     	White=1     	Black=5      OK:         	White=12    	Black=8      Best:        	White=5     	Black=2      Strong:       	White=1     	---} 1-0

[Event "12th National Schools-ch 2024"]
[Site "Gyan Bhawan Patna"]
[Date "2024.02.08"]
[Round "6.2"]
[White "Oishik Mondal"]
[Black "Mohd Ismail Siddiqui"]
[Result "1-0"]
[ECO "D38"]
[WhiteElo "1524"]
[BlackElo "1357"]
[Annotator "NA RC"]
[PlyCount "107"]
[EventDate "2024.02.05"]
[EventCountry "IND"]
[SourceTitle "playchess.com"]
[Source "ChessBase"]
[SourceQuality "1"]
[TimeControl "5400+30"]

1. d4 Nf6 2. c4 e6 3. Nf3 d5 4. Nc3 Bb4 5. Bg5 Nbd7 6. e3 O-O 7. Bd3 c5 8. O-O Bxc3 9. bxc3 Qc7 10. Rc1 b6 11. Bf4 Qd8 12. Ne5 Bb7 13. Bg5 Qc7 14. Nxd7 Nxd7 15. cxd5 Bxd5 16. c4 Bb7 17. Bf4 Qc6 18. f3 cxd4 19. exd4 e5 20. Be4 Qc7 21. Bxb7 Qxb7 22. Bxe5 Nxe5 23. dxe5 Qc7 24. f4 Rfd8 25. Qe2 Qc5+ 26. Kh1 Rac8 27. h3 Rd4 28. e6 fxe6 29. Qxe6+ Kh8 30. f5 Rxc4 31. Rce1 Qc6 32. Qf7 Rc2 33. Rg1 h6 34. Re6 Qc7 35. Re7 Qg3 36. f6 Rg8 37. Qh5 Rc5 38. Qf7 Rcc8 39. Rf1 Rc2 40. Rg1 Rcc8 41. Qe6 Rcd8 42. f7 Rgf8 43. Re8 Qb8 44. Re1 Qa8 45. Rxf8+ Rxf8 46. Qe8 g5 47. Qxa8 Rxa8 48. Re8+ Kh7 49. Rxa8 g4 50. f8=Q Kg6 51. Rxa7 Kg5 52. Rg7+ Kh4 53. Rxg4+ Kh5 54. Qe8# 1-0

[Event "12th National Schools-ch 2024"]
[Site "Gyan Bhawan Patna"]
[Date "2024.02.08"]
[Round "6.3"]
[White "Pal Vedika"]
[Black "Pavithra R V"]
[Result "1/2-1/2"]
[ECO "B52"]
[WhiteElo "1539"]
[BlackElo "1440"]
[Annotator "NA RC"]
[PlyCount "219"]
[EventDate "2024.02.05"]
[EventCountry "IND"]
[SourceTitle "playchess.com"]
[Source "ChessBase"]
[SourceQuality "1"]
[TimeControl "5400+30"]

1. e4 c5 2. Nf3 d6 3. Bb5+ Bd7 4. c4 Nc6 5. Nc3 Nf6 6. d4 cxd4 7. Nxd4 a6 8. Ba4 g6 9. O-O Bg7 10. Re1 O-O 11. Bc2 Nxd4 12. Qxd4 Ng4 13. Qd2 Rc8 14. Bb3 Be6 15. Nd5 Ne5 16. Qe2 Nc6 17. Be3 Nd4 18. Qd2 Bxd5 19. exd5 Nxb3 20. axb3 Qd7 21. Rac1 b5 22. c5 dxc5 23. Bxc5 Bf6 24. b4 Rfd8 25. Rcd1 Qb7 26. Qd3 Rd7 27. Qf3 Bxb2 28. Rd2 Bf6 29. Rde2 Qxd5 30. Qxf6 Rxc5 31. Qxa6 Rcc7 32. Qa1 Ra7 33. Qb2 Ra4 34. h3 Qd4 35. Qc1 Rxb4 36. Re4 Rc4 37. Qg5 Qxe4 38. Rxe4 Rxe4 39. Qxb5 Red4 40. Qb8+ Kg7 41. Qe5+ f6 42. Qe6 R4d6 43. Qe3 e5 44. Kh2 Rd5 45. Qa3 Rd2 46. Qa4 f5 47. Qb5 R2d5 48. Qc6 e4 49. Qe6 R5d6 50. Qe5+ Kf7 51. Qh8 Ke6 52. Kg3 Rd3+ 53. Kh2 R3d6 54. h4 Kd5 55. h5 Kc4 56. Qe5 Rd5 57. Qe6 gxh5 58. Qh6 Kc3 59. Qxh5 f4 60. Qh6 R7d6 61. Qg7+ Rd4 62. Qg4 e3 63. fxe3 fxe3 64. Qe2 Rd3 65. Qe1+ Kc4 66. Qc1+ Rc3 67. Qf1+ Rdd3 68. Qe2 Kb3 69. Kg1 Rd2 70. Qb5+ Kc2 71. Qa4+ Rb3 72. Qa2+ Kc3 73. Qa1+ Rdb2 74. Qa5+ Kc2 75. Qf5+ Rd3 76. Kf1 Kd2 77. Qa5+ Rc3 78. Qd5+ Kc1 79. Ke1 Kb1 80. Qe4+ Ka2 81. Qa4+ Ra3 82. Qc4+ Ka1 83. g4 Kb1 84. Qe4+ Ka1 85. Qc4 Kb1 86. Qe4+ Kc1 87. Qd4 Rd2 88. Qc5+ Kb2 89. Qb6+ Rb3 90. Qf6+ Ka2 91. Qa6+ Kb2 92. Qf6+ Ka3 93. Qa6+ Kb4 94. Qb6+ Kc4 95. Qe6+ Kb4 96. Qb6+ Ka3 97. Qa5+ Kb2 98. Qe5+ Kb1 99. Qe4+ Ka1 100. Qe5+ Rdb2 101. Kd1 e2+ 102. Ke1 Rh3 103. Qa5+ Ra2 104. Qe5+ Kb1 105. Qb5+ Rb2 106. Qf5+ Kc1 107. Qf4+ Kc2 108. Qe4+ Kb3 109. Qd5+ Kb4 110. Qd4+ 1/2-1/2

[Event "12th National Schools-ch 2024"]
[Site "Gyan Bhawan Patna"]
[Date "2024.02.08"]
[Round "6.4"]
[White "Andalamala Hemal Varshan"]
[Black "Sayan Barua"]
[Result "1-0"]
[ECO "C47"]
[WhiteElo "1578"]
[BlackElo "1463"]
[Annotator "NA RC"]
[PlyCount "71"]
[EventDate "2024.02.05"]
[EventCountry "IND"]
[SourceTitle "playchess.com"]
[Source "ChessBase"]
[SourceQuality "1"]
[TimeControl "5400+30"]

1. e4 e5 2. Nf3 Nc6 3. Nc3 Nf6 4. d4 exd4 5. Nxd4 Bb4 6. Nxc6 bxc6 7. Bd3 d5 8. exd5 O-O 9. O-O Bg4 10. f3 Bh5 11. Bg5 Qd6 12. Kh1 Bxc3 13. bxc3 cxd5 14. Qd2 Rfe8 15. Rab1 Rab8 16. Qf2 Nd7 17. Rxb8 Nxb8 18. Qxa7 c5 19. Qa4 f6 20. Bf4 Qe6 21. c4 d4 22. h3 Bg6 23. Bg3 Qd7 24. Qa5 Bxd3 25. cxd3 Qf5 26. Re1 Rc8 27. Qa8 Rf8 28. Bxb8 Qxd3 29. Qd5+ Kh8 30. Bd6 Rg8 31. Bxc5 Qd2 32. Re4 d3 33. Rd4 Qxa2 34. Rxd3 Qb1+ 35. Rd1 Qc2 36. Bd6 1-0

[Event "12th National Schools-ch 2024"]
[Site "Gyan Bhawan Patna"]
[Date "2024.02.08"]
[Round "6.5"]
[White "Nivedita V C"]
[Black "Adya Shree"]
[Result "1-0"]
[ECO "E01"]
[WhiteElo "1609"]
[BlackElo "1113"]
[Annotator "NA RC"]
[PlyCount "55"]
[EventDate "2024.02.05"]
[EventCountry "IND"]
[SourceTitle "playchess.com"]
[Source "ChessBase"]
[SourceQuality "1"]
[TimeControl "5400+30"]

1. d4 d5 2. c4 e6 3. Nf3 Nf6 4. g3 Nc6 5. Bg2 b6 6. O-O Bd6 7. Nc3 Bb7 8. Bg5 Be7 9. Ne5 h6 10. Bxf6 gxf6 11. cxd5 Nxe5 12. dxe5 exd5 13. exf6 Bxf6 14. Nxd5 Bxd5 15. Bxd5 Rc8 16. Qa4+ Kf8 17. Rad1 Qe7 18. Bb3 c6 19. Rd2 b5 20. Qg4 Rc7 21. Rfd1 h5 22. Qf5 Rh6 23. Rd7 Qe5 24. Qh3 Rh7 25. Rxc7 Qxc7 26. Qf5 Rh6 27. Rd7 Qe5 28. Rxf7+ 1-0

[Event "12th National Schools-ch 2024"]
[Site "Gyan Bhawan Patna"]
[Date "2024.02.08"]
[Round "6.6"]
[White "Mahir Taneja"]
[Black "Vandan Alankar Sawai"]
[Result "1/2-1/2"]
[ECO "C07"]
[WhiteElo "1598"]
[BlackElo "1721"]
[Annotator "NA RC"]
[PlyCount "133"]
[EventDate "2024.02.05"]
[EventCountry "IND"]
[SourceTitle "playchess.com"]
[Source "ChessBase"]
[SourceQuality "1"]
[TimeControl "5400+30"]

1. e4 e6 2. d4 d5 3. Nd2 c5 4. Ngf3 cxd4 5. Nxd4 Nc6 6. Nxc6 bxc6 7. exd5 cxd5 8. Nf3 Nf6 9. c4 Bc5 10. cxd5 Qb6 11. Qe2 O-O 12. Be3 exd5 13. Qb5 Bxe3 14. fxe3 Qxe3+ 15. Be2 Re8 16. Rd1 Rb8 17. Qd3 Rxb2 18. Qxe3 Rxe3 19. Rd2 Rb1+ 20. Rd1 Rxd1+ 21. Kxd1 Ne4 22. Re1 Nc3+ 23. Kd2 Rxe2+ 24. Kxc3 Rxe1 25. Nxe1 f6 26. Kd4 Kf7 27. Nd3 g5 28. Nb4 Bb7 29. Nxd5 Ke6 30. Ne3 f5 31. g3 f4 32. gxf4 gxf4 33. Ng4 Kf5 34. Nf2 Bc8 35. Ne4 Be6 36. a3 h6 37. Nf2 Bb3 38. Kd3 Bd5 39. Kd4 Be6 40. Nd3 Bd7 41. Nf2 Bc8 42. Kd5 Ba6 43. Kd4 Bb7 44. Kd3 Bc6 45. Kd4 Bf3 46. Nd3 Be4 47. Nf2 Bb1 48. Kd5 Kg5 49. Ke5 f3 50. Nh3+ Kh4 51. Nf2 Kg5 52. Nh3+ Kh4 53. Nf2 Bg6 54. Kf4 Bh5 55. Kf5 Be8 56. Kf4 Bc6 57. Kf5 Kh5 58. Nd1 Ba4 59. Nf2 Bd7+ 60. Kf4 Bc6 61. Kf5 Bb7 62. Nd1 Bd5 63. Nf2 Bc4 64. Nh1 Be2 65. Nf2 Bf1 66. Kf4 Be2 67. Ke4 1/2-1/2

[Event "12th National Schools-ch 2024"]
[Site "Gyan Bhawan Patna"]
[Date "2024.02.08"]
[Round "6.7"]
[White "Singh Myra"]
[Black "Gade Sharanya"]
[Result "0-1"]
[ECO "B70"]
[WhiteElo "1511"]
[BlackElo "1531"]
[Annotator "NA RC"]
[PlyCount "112"]
[EventDate "2024.02.05"]
[EventCountry "IND"]
[SourceTitle "playchess.com"]
[Source "ChessBase"]
[SourceQuality "1"]
[TimeControl "5400+30"]

1. e4 c5 2. Nf3 Nc6 3. d4 cxd4 4. Nxd4 g6 5. Nc3 Bg7 6. Nb3 Nf6 7. Be2 O-O 8. O-O d6 9. Re1 Be6 10. Bf1 Rc8 11. Nd5 Bxd5 12. exd5 Nb4 13. c4 a5 14. a3 Na6 15. Bg5 h6 16. Be3 a4 17. Nd4 Nc5 18. Rb1 e5 19. dxe6 fxe6 20. Nb5 d5 21. Nc3 Nfe4 22. Nxe4 Nxe4 23. cxd5 Qxd5 24. Qxa4 Nxf2 25. Be2 Nd3 26. Bxd3 Qxd3 27. Qg4 Qf5 28. Qb4 b5 29. Rf1 Qe5 30. Rxf8+ Rxf8 31. Bf2 Rxf2 32. Kxf2 Qf5+ 33. Ke2 Qxb1 34. Qxb5 Qxb2+ 35. Qxb2 Bxb2 36. a4 Bc3 37. Kd3 Be1 38. Ke4 Kf7 39. g4 Kf6 40. h3 g5 41. Kd4 e5+ 42. Kd5 Ba5 43. Kc4 Ke6 44. Kb5 Be1 45. Kc5 Bd2 46. Kc4 e4 47. Kd4 e3 48. Kd3 Kd5 49. Ke2 Kc4 50. a5 Kb5 51. Kd3 Kxa5 52. Kc2 Kb5 53. Kd3 Kc5 54. Kc2 Kd4 55. Kd1 Kd3 56. h4 e2# 0-1